 Dungeon Crawl Stone Soup version 0.24.0-3-g28a8eb0610 (webtiles) character file.

Game seed: 7329529058883979311, levelgen mode: deterministic

261 Mrkan the Chopper (level 5, 0/47 HPs)
             Began as a Minotaur Fighter on Nov 1, 2019.
             Was an Initiate of Gozag.
             Succumbed to a kobold's poison
             ... on level 3 of the Dungeon.
             The game lasted 00:02:51 (1724 turns).

Mrkan the Chopper (Minotaur Fighter)                Turns: 1724, Time: 00:02:52

Health: 0/47       AC:  7    Str: 20    XL:     5   Next: 96%
Magic:  4/4        EV:  7    Int:  5    God:    Gozag
Gold:   404        SH:  9    Dex: 11    Spells: 4/4 levels left

rFire    . . .     SeeInvis .   a - +0 war axe
rCold    . . .     Gourm    .   c - +0 shield
rNeg     . . .     Faith    .   b - +0 scale mail
rPois    .         Spirit   .   (helmet restricted)
rElec    .         Reflect  .   (no cloak)
rCorr    .         Harm     .   (no gloves)
MR       .....                  (no boots)
Stlth    ..........             (no amulet)
HPRegen  0.15/turn              (no ring)
MPRegen  0.09/turn              (no ring)

@: lethally poisoned (0 -> -4)
A: retaliatory headbutt, horns 2
a: Potion Petition, Call Merchant, Bribe Branch, Renounce Religion


You were on level 3 of the Dungeon.
You worshipped Gozag.
Gozag was aware of your devotion.
You were not hungry.

You visited 1 branch of the dungeon, and saw 3 of its levels.

You collected 456 gold pieces.
You paid 52 gold pieces to Gozag.

Inventory:

Hand Weapons
 a - a +0 war axe (weapon)
Armour
 b - a +0 scale mail (worn)
 c - a +0 shield (worn)
Scrolls
 e - 3 scrolls of teleportation {unknown}
 h - a scroll of remove curse {unknown}
 i - a scroll of identify {unknown}
 j - a scroll of blinking {unknown}
Potions
 d - 2 potions of might
 f - a potion of heal wounds {unknown}
 g - a potion of lignification {unknown}
 k - a potion of curing {unknown}


   Skills:
 + Level 4.8 Fighting
 * Level 5.1 Axes
 + Level 4.8 Armour
 + Level 4.8 Shields


You had 4 spell levels left.
You didn't know any spells.
Your spell library was empty.

Dungeon Overview and Level Annotations

Branches:
Dungeon (3/15)

Altars:
Gozag
Xom


Innate Abilities, Weirdness & Mutations

You reflexively headbutt those who attack you in melee.
You have a pair of horns on your head.


Message History

You closely miss the frilled lizard.
The frilled lizard is no longer distracted by gold.
The frilled lizard hisses angrily.
You miss the kobold.
* * * LOW HITPOINT WARNING * * *
You feel sick.
The quokka is no longer distracted by gold.
You block the frilled lizard's attack.
The kobold hits you with a +0 short sword.
* * * LOW HITPOINT WARNING * * *
The phantom blinks!
* * * LOW HITPOINT WARNING * * *
You feel sick. You block the frilled lizard's attack.
* * * LOW HITPOINT WARNING * * *
You feel sick. You block the frilled lizard's attack.
Found a scroll labeled SOPAIDGH MOTEK.
* * * LOW HITPOINT WARNING * * *
You feel sick.
You die...
Your body crumbles into a pile of gold.

#?.............r......
#...............).....
##..........oo..(.....
##.........r####.......
#..........o# #####...
#.........K## ...
##..........# ##
#.......lK..#
##...@...## ##.....##
#######


You could see an orc priest, an orc, a quokka, 2 kobolds and a frilled lizard.

Vanquished Creatures
  A centaur (D:3)
  An orc priest (D:3)
  An orc wizard (D:3)
  Terence (D:2)
  2 adders
  An ooze (D:3)
  2 worms
  3 dart slugs (D:1)
  A leopard gecko (D:2)
  2 orcs (D:3)
  A ball python (D:1)
  4 bats
  8 giant cockroaches
  8 goblins
  8 hobgoblins
  6 frilled lizards
  6 kobolds
  8 rats
64 creatures vanquished.

Notes
Turn   | Place    | Note
-------+----------+-------------------------------------------
     0 | D:1      | Mrkan the Minotaur Fighter began the quest for the Orb.
     0 | D:1      | Reached XP level 1. HP: 19/19 MP: 0/0
    98 | D:1      | Reached XP level 2. HP: 27/27 MP: 1/1
   198 | D:1      | Reached skill level 3 in Axes
   519 | D:2      | Noticed Terence
   532 | D:2      | Killed Terence
   532 | D:2      | Reached XP level 3. HP: 26/33 MP: 2/2
   647 | D:2      | Found an opulent altar of Gozag.
   657 | D:2      | Became a worshipper of Gozag Ym Sagoz the Greedy
   784 | D:2      | Reached XP level 4. HP: 40/40 MP: 3/3
   965 | D:2      | Found a shimmering altar of Xom.
  1218 | D:3      | Noticed a centaur
  1228 | D:3      | Reached skill level 4 in Axes
  1367 | D:3      | Killed a centaur
  1367 | D:3      | Reached XP level 5. HP: 31/47 MP: 4/4
  1376 | D:3      | Reached skill level 5 in Axes
  1677 | D:3      | Noticed a phantom
  1720 | D:3      | HP: 2/47 [poisoned by a kobold]
  1724 | D:3      | Succumbed to a kobold's poison

Levels and vault maps discovered:
D:1:      mrwooster_arrival_arrow, layout_loops_ring
D:2:      layout_rooms, xom_teletrap_fun, grunt_gozag_breadcrumbs, hex_medium,
          st_stairs_13, minivault_27, uniq_terence
D:3:      layout_rooms, lemuel_round_altar

Skill      XL: |  1  2  3  4  5 |
---------------+----------------+-----
Axes           | 3 4 5 |  5.1
Fighting       | 4 |  4.8
Armour         | 4 |  4.8
Shields        | 4 |  4.8

Action                   |  1- 3 |  4- 6 || total
-------------------------+-------+-------++-------
Melee: War axe           |    62 |    72 ||   134
       Headbutt          |     9 |    14 ||    23
  Eat: Ration            |       |     1 ||     1
Armor: Scale mail        |    31 |    43 ||    74
Dodge: Dodged            |    25 |    26 ||    51
Block: Shield            |    41 |    53 ||    94
